[Event "Swiss Championship 2024"]
[Site "Flims"]
[Date "2024.07.21"]
[Round "9.1"]
[White "Georgiadis, Ioannis"]
[Black "Bogner, Sebastian"]
[Result "1-0"]
[ECO "D43"]
[WhiteElo "2483"]
[BlackElo "2547"]
[Annotator "TA"]
[PlyCount "59"]
[EventDate "2024.07.10"]
[EventType "tourn"]
[EventCountry "SUI"]
[SourceTitle "playchess.com"]
[Source "ChessBase"]
[SourceQuality "1"]
[TimeControl "40/5400+30:1800+30"]

1. d4 d5 2. c4 c6 3. Nf3 Nf6 4. Nc3 e6 5. Qd3 dxc4 6. Qxc4 b5 7. Qd3 Nbd7 8. e4 b4 9. Na4 Bb7 10. Be3 Qa5 {[%emt 0:27:05] The position is equal.} 11. b3 c5 12. Nxc5 Bxc5 13. dxc5 Bxe4 14. Qd6 {[%emt 0:03:06] [#] And now c6 would win.} Rc8 15. Be2 Rc6 16. Qg3 O-O 17. Ne5 Nxe5 18. Qxe5 Bd5 (18... Bxg2 $2 {perishes.} 19. Rg1 Nd5 (19... Nd7 $2 20. Qd4 $18) 20. Bd4 $18 (20. Rxg2 f6 $18)) 19. Bd4 $36 {[%emt 0:02:01][%mdl 2048] Black is under pressure.} Ne8 20. O-O f6 21. Qh5 g6 {[%emt 0:05:56] [#]} 22. Qh4 e5 (22... g5 $14 23. Qh3 Ng7) 23. Be3 $16 Ng7 24. Bc4 Bxc4 25. Qxc4+ Rf7 (25... Kh8 $16) 26. Rfd1 Qc7 27. Rd5 a5 $2 (27... Nf5 {is tougher.} 28. Rad1 (28. Qxb4 Qb7 $18) 28... Kg7 29. Qxb4 h5) 28. Rad1 $18 Ne6 {[%emt 0:00:03] Repels Rd8+} 29. Rd6 Qc8 (29... Nd4 30. Rxc6 Nxc6) 30. Rxc6 {[%emt 0:00:44] Weighted Error Value: White=0.06 (flawless) /Black=0.33.  Mistake:       	---       	Black=4      Inaccurate:     	---       	Black=2      OK:         	White=11    	Black=9      Best:        	White=5     	Black=1} 1-0

[Event "Swiss Championship 2024"]
[Site "Flims"]
[Date "2024.07.21"]
[Round "9.2"]
[White "Klauser, Markus"]
[Black "Kurmann, Oliver"]
[Result "0-1"]
[ECO "D02"]
[WhiteElo "2358"]
[BlackElo "2428"]
[Annotator "TA"]
[PlyCount "66"]
[EventDate "2024.07.10"]
[EventType "tourn"]
[EventCountry "SUI"]
[SourceTitle "playchess.com"]
[Source "ChessBase"]
[SourceQuality "1"]
[TimeControl "40/5400+30:1800+30"]

1. d4 Nf6 2. Nf3 d5 3. Bf4 c5 4. e3 Nc6 5. c3 Qb6 6. Qb3 c4 7. Qc2 Bf5 8. Qc1 h6 9. h3 e6 10. Nbd2 Qd8 11. Be2 b5 {[%emt 0:03:06] The position is equal.} 12. O-O Bd6 13. Ne5 Bxe5 14. Bxe5 Nxe5 15. dxe5 Nd7 16. f4 (16. a4 $15) 16... Nc5 17. Nf3 Bd3 {[%emt 0:00:25] Black is more active.} 18. Bxd3 Nxd3 19. Qd2 O-O 20. Nd4 Qb6 21. Rf3 f6 (21... a5 $17) 22. exf6 $11 Rxf6 23. Raf1 Raf8 24. g4 b4 25. h4 $2 {[%emt 0:01:10] [#] This move loses the game for White.} (25. cxb4 $15 Nxb4 26. Kh1) 25... bxc3 $19 26. bxc3 e5 27. g5 hxg5 28. hxg5 $2 (28. fxg5 {was worth a try.} Rxf3 29. Nxf3) 28... Rg6 {[%emt 0:00:12] Black is clearly winning.} 29. Rg3 exd4 30. f5 dxe3 31. Qe2 Qb8 32. Qxe3 Rb6 {[%emt 0:01:26] aiming for ...Re8.} 33. Qf3 {[%emt 0:01:17] [#]} Rxf5 $3 {[%emt 0:01:27][%mdl 512] Weighted Error Value: White=0.87/Black=0.40.  Mistake:       	White=3     	Black=1      Inaccurate:     	White=5     	Black=1      OK:         	White=4     	Black=7      Best:        	---       	Black=3      Brilliant:      	---       	Black=1} 0-1

[Event "Swiss Championship 2024"]
[Site "Flims"]
[Date "2024.07.21"]
[Round "9.3"]
[White "Georgiadis, Nico"]
[Black "Wyss, Jonas"]
[Result "0-1"]
[ECO "C18"]
[WhiteElo "2512"]
[BlackElo "2291"]
[Annotator "RC"]
[PlyCount "74"]
[EventDate "2024.07.10"]
[EventType "tourn"]
[EventCountry "SUI"]
[SourceTitle "playchess.com"]
[Source "ChessBase"]
[SourceQuality "1"]
[TimeControl "40/5400+30:1800+30"]

1. e4 e6 2. d4 d5 3. Nc3 Bb4 4. e5 c5 5. a3 Bxc3+ 6. bxc3 Ne7 7. Qg4 O-O 8. Bd3 f5 9. exf6 Rxf6 10. Bg5 Rf7 11. Qh5 g6 12. Qd1 Qa5 13. Nf3 Rxf3 14. gxf3 Qxc3+ 15. Kf1 c4 16. Bxe7 cxd3 17. Kg2 dxc2 18. Qc1 Qxd4 19. Qxc2 Nc6 20. Rad1 Qf4 21. Qc5 Bd7 22. Bd6 b6 23. Qxd5 exd5 24. Bxf4 Be6 25. Rhe1 Re8 26. Kg3 Kf7 27. Be3 Na5 28. Bd4 Nc4 29. a4 Re7 30. Bc3 Rc7 31. a5 Nxa5 32. Bxa5 bxa5 33. Rc1 Rd7 34. Ra1 d4 35. Rxa5 d3 36. Ra3 d2 37. Rd1 Bc4 0-1

[Event "Swiss Championship 2024"]
[Site "Flims"]
[Date "2024.07.21"]
[Round "9.4"]
[White "Baenziger, Fabian"]
[Black "Stijve, Theo"]
[Result "0-1"]
[ECO "D24"]
[WhiteElo "2410"]
[BlackElo "2328"]
[Annotator "TA"]
[PlyCount "62"]
[EventDate "2024.07.10"]
[EventType "tourn"]
[EventCountry "SUI"]
[SourceTitle "playchess.com"]
[Source "ChessBase"]
[SourceQuality "1"]
[TimeControl "40/5400+30:1800+30"]

1. d4 d5 2. c4 e6 3. Nf3 Nf6 4. Nc3 dxc4 5. e4 b5 6. e5 Nfd7 7. Nxb5 Nb6 8. Be2 {[%emt 0:00:04] White is slightly better.} Nc6 9. Be3 Be7 10. O-O Bb7 11. Nc3 O-O 12. Na4 Ba6 13. Rc1 Nb4 14. Nxb6 axb6 15. Bxc4 Nxa2 16. Rc2 Nb4 17. Rc1 Na2 18. Rc2 Bb7 19. Qe2 Ra7 20. Nd2 Nb4 $36 {[%emt 0:03:43][%mdl 2048] Black has good play.} 21. Rcc1 Nd5 22. Ne4 Nxe3 23. Qxe3 Ra4 24. Rfd1 Qa8 25. b3 Rxc4 26. bxc4 {[%emt 0:01:33][%mdl 8192] [#]} (26. Ra1 $1 $11 {and White is okay.} Rc2 27. Rxa8 Rxa8 28. h3) 26... Bxe4 $19 27. d5 $2 (27. h3) 27... exd5 {[%emt 0:00:50] Black is clearly winning.} 28. cxd5 Bxd5 29. Rxc7 Bc5 30. Qg3 Be6 31. Qh4 Qb8 {[%emt 0:01:03] Weighted Error Value: White=0.39/Black=0.07 (flawless) .  Loses game:     	White=1     	---        Mistake:       	White=1     	---        Inaccurate:     	White=4     	Black=2      OK:         	White=7     	Black=16     Best:        	White=1     	Black=2} 0-1

[Event "Swiss Championship 2024"]
[Site "Flims"]
[Date "2024.07.21"]
[Round "9.5"]
[White "Fischer, Daniel"]
[Black "Peng, Li Min"]
[Result "1/2-1/2"]
[ECO "B15"]
[WhiteElo "2372"]
[BlackElo "2562"]
[Annotator "TA"]
[PlyCount "66"]
[EventDate "2024.07.10"]
[EventType "tourn"]
[EventCountry "SUI"]
[SourceTitle "playchess.com"]
[Source "ChessBase"]
[SourceQuality "1"]
[TimeControl "40/5400+30:1800+30"]

1. e4 c6 2. d4 d5 3. Nc3 dxe4 4. Nxe4 Nf6 5. Nxf6+ exf6 6. c3 Bd6 7. Bd3 O-O 8. Qc2 Re8+ 9. Ne2 g6 10. Be3 f5 11. O-O-O Be6 12. Kb1 {[%emt 0:03:27] White is slightly better.} Nd7 13. h4 b5 (13... Qa5 $11 14. c4 b5) 14. h5 $14 {[%emt 0:06:10] Threatens to win with hxg6.} Qf6 15. Nf4 {[%emt 0:08:41][%cal Od4d5] Hoping for d5!} Rab8 16. Nxe6 Rxe6 17. hxg6 hxg6 {[%emt 0:00:13] [#]} (17... fxg6 $16 {was called for.} 18. c4 Qf7) 18. Bc1 $1 $18 Nb6 {[%emt 0:04:49][%cal Bd7b6,Bb6d5,Bd5c3,Bc3e4,Be4c5,Bc5b3,Bb3d2][%mdl 32] [#]} 19. Qd2 ({Better is} 19. f4 $1 $18 Nc4 20. Qf2) 19... f4 $14 20. g3 Nd5 {[%emt 0:03:15] Strongly threatening ...b4.} 21. Rdg1 b4 {[%emt 0:01:14] The position is equal.} 22. c4 Nc3+ 23. Ka1 $1 Ne4 $1 24. Qc2 (24. Bxe4 {simplifies} Rxe4 25. f3 Rxd4 26. Qh2) 24... Qxd4 25. gxf4 {[%emt 0:01:23] And now Be3 would win.} b3 ({Resist} 25... Nxf2 26. f5 Nxh1 (26... Qxd3 $2 27. Qxf2 Qxc4 28. fxe6 $18) 27. Rxh1 gxf5 (27... b3 28. axb3 gxf5 29. Bxf5 $11) 28. Bxf5 $15) (25... Nxf2 $5 26. f5 $8 Nxh1 (26... Qxd3 $2 27. Qxf2 Qxc4 28. fxe6 $18) 27. Rxh1 gxf5 (27... b3 28. axb3 gxf5 29. Bxf5 $11) 28. Bxf5 Rf6 $15) 26. axb3 {[%emt 0:00:51] Be3 would now be deadly.} Nc5 27. Bxg6 Nxb3+ (27... fxg6 $2 {too greedy.} 28. Rxg6+ Rxg6 29. Qxg6+ Kf8 30. Be3 (30. Rh8+ Qxh8 31. Qxd6+ Kf7 $18) 30... Nxb3+ 31. Ka2 $18) 28. Kb1 Rxg6 29. Rxg6+ fxg6 30. Qxg6+ Kf8 {[%emt 0:00:02][%cal Ob3c1] ...Nxc1! is the strong threat.} 31. Rh7 Nd2+ 32. Ka1 {[%emt 0:00:05][%csl Gh7][%cal Rg6f7] Dancing on a razor blade.} Nb3+ 33. Kb1 Nd2+ {[%emt 0:00:02] Weighted Error Value: White=0.16 (very precise) /Black=0.17 (very precise) .  Mistake:       	White=1     	Black=2      Inaccurate:     	White=2     	Black=3      OK:         	White=8     	Black=9      Best:        	White=4     	Black=5      Strong:       	White=1     	Black=1} 1/2-1/2

[Event "Swiss Championship 2024"]
[Site "Flims"]
[Date "2024.07.21"]
[Round "10.1"]
[White "Stijve, Theo"]
[Black "Bogner, Sebastian"]
[Result "0-1"]
[ECO "B62"]
[WhiteElo "2328"]
[BlackElo "2547"]
[Annotator "TA"]
[PlyCount "84"]
[EventDate "2024.07.10"]
[EventType "tourn"]
[EventCountry "SUI"]
[SourceTitle "playchess.com"]
[Source "ChessBase"]
[SourceQuality "1"]
[TimeControl "40/5400+30:1800+30"]

1. e4 c5 2. Nf3 d6 3. d4 cxd4 4. Nxd4 Nf6 5. Nc3 Nc6 6. Bg5 e6 7. Qd3 Bd7 8. O-O-O a6 9. Be2 Be7 10. Qg3 Nxd4 11. Rxd4 Qc7 {[%emt 0:00:29] Weiß steht etwas besser.} 12. Rhd1 {[%emt 0:01:06] Droht e5 und aus.} (12. Bf4 e5 13. Rc4 (13. Qxg7 Rf8 $17) 13... Qa5 $17 (13... exf4 $2 14. Qxg7 Rg8 15. Qxg8+ Nxg8 16. Rxc7 $18)) 12... Bc6 $1 13. f4 h6 14. Bh4 g5 15. fxg5 Rg8 16. Qe3 hxg5 17. Bg3 (17. Bxg5 $2 {geht unter.} Ng4 18. Qg3 (18. Bxg4 $2 {ist das falsche Schlagen.} Bxg5 $19) 18... Bxg5+ $19) 17... e5 $1 18. R4d3 (18. R4d2 $14) 18... Rc8 $11 19. R3d2 Bd7 20. Kb1 Qc5 21. Qd3 Be6 (21... Qa5 $11 {hält das Gleichgewicht.}) 22. Rf1 (22. Nd5 $1 $16) 22... b5 {[%emt 0:00:41] [#]} (22... Qa5 $1 $15 23. Nd5 Nxe4) 23. a3 (23. Nd5 $1 $16 Bxd5 24. exd5) 23... Bc4 $36 {[%emt 0:00:59][%mdl 2048] Schwarz drückt.} 24. Qf3 g4 $1 25. Qf2 Qxf2 26. Bxf2 Be6 {[%emt 0:00:25][%cal Oc8c3] Droht stark ...Rxc3!} 27. Bh4 {[%emt 0:00:38] [#]} (27. Bd3 $11 {bleibt in der Remisbreite.}) 27... Rxc3 $1 $17 28. Bxf6 Rc6 29. Bxe7 Kxe7 30. g3 Rh8 31. Bd1 Rh6 32. c3 Rh8 33. a4 {[%emt 0:00:25] [#]} (33. Re1 $15) 33... Rb8 (33... b4 $1 $17 {...Rc4 wäre nun fies.} 34. cxb4 Rc4) 34. axb5 axb5 ({Und nicht} 34... Rxb5 35. Ba4 $16) 35. Be2 $2 {[%emt 0:00:16] Ein Fehler, der zur Niederlage führt.} (35. Rdf2 $17 {ist wohl besser.}) 35... b4 $19 36. cxb4 Rxb4 37. Bd3 Rd4 {[%emt 0:00:41] Weiss muss nun ...Bc4 beachten.} 38. Rc1 $2 {[%emt 0:00:28] [#]} (38. Rc2 Rc8 39. Rxc8 Bxc8 40. Bc2) 38... Ba2+ $1 {[%emt 0:00:23][%mdl 512] Schwarz steht klar auf Gewinn.} 39. Kxa2 (39. Ka1 Rxc1+) 39... Rxc1 40. Kb3 {[%emt 0:00:41] [#]} f5 $1 41. exf5 e4 42. f6+ Kf8 {[%emt 0:00:29] Gewichteter Fehlerwert: Weiß=0.69/Schwarz=0.21 (präzise) .  Verlustzug:     	Weiß=1     	---        Fehler:       	Weiß=6     	Schwarz=3     Ungenau:       	Weiß=2     	Schwarz=3     OK:         	Weiß=8     	Schwarz=8     Bester:       	---       	Schwarz=2     Stark:        	---       	Schwarz=3     Brilliant:      	---       	Schwarz=2} 0-1

[Event "Swiss Championship 2024"]
[Site "Flims"]
[Date "2024.07.21"]
[Round "11.1"]
[White "Bogner, Sebastian"]
[Black "Stijve, Theo"]
[Result "1-0"]
[ECO "E32"]
[WhiteElo "2547"]
[BlackElo "2328"]
[Annotator "TA"]
[PlyCount "43"]
[EventDate "2024.07.10"]
[EventType "tourn"]
[EventCountry "SUI"]
[SourceTitle "playchess.com"]
[Source "ChessBase"]
[SourceQuality "1"]
[TimeControl "600"]

1. d4 Nf6 2. c4 e6 3. Nc3 Bb4 4. Qc2 d6 5. e3 O-O 6. Bd3 e5 7. Nge2 Re8 8. O-O {[%emt 0:00:02] White is slightly better.} Nc6 (8... Bxc3 $14 9. Nxc3 exd4 10. exd4 Nc6) 9. Nd5 $16 {[%emt 0:01:17] [#] aiming for a3.} h5 $2 (9... exd4 $16 {might work better.} 10. exd4 (10. Nxd4 Nxd4 11. Nxf6+ Qxf6 $11) 10... Nxd5) 10. a3 $18 Ba5 11. b4 Bb6 12. Nxf6+ Qxf6 13. c5 dxc5 14. dxc5 (14. bxc5 Ba5 $18) 14... e4 15. Bc4 Qg5 ({But not} 15... Qxa1 16. Bb2 $18 (16. cxb6 Qf6 $14) (16. cxb6 Qf6 $14)) 16. Bb2 h4 17. Nf4 Ne7 (17... Bxc5 $142 18. bxc5 Ne5) 18. Qxe4 Bf5 19. Qf3 Ng6 20. Nh3 Bxh3 21. Qxf7+ Kh7 22. Qxg7# {[%emt 0:04:25] Black got outplayed after the opening.   Weighted Error Value: White=0.13 (very precise) /Black=0.74.  Loses game:     	---       	Black=1      Mistake:       	---       	Black=2      Inaccurate:     	---       	Black=1      OK:         	White=8     	Black=3      Best:        	White=2     	---} 1-0